 Dungeon Crawl Stone Soup version 0.23-a0-301-g9da9e51 (webtiles) character file.

361 CozyGlow the Ruffian (level 6, -1/53 HPs)
             Began as a Ghoul Monk on Oct 8, 2018.
             Was a Priest of Yredelemnul.
             Slain by an ogre
             ... wielding a +0 giant club
              (9 damage)
             ... on level 5 of the Dungeon.
             The game lasted 00:13:19 (3960 turns).

CozyGlow the Ruffian (Ghoul Monk)                   Turns: 3960, Time: 00:13:20

Health: -1/53      AC:  4    Str: 15    XL:     6   Next: 66%
Magic:  6/6        EV: 14    Int:  5    God:    Yredelemnul [***...]
Gold:   297        SH:  0    Dex: 13    Spells: 5/5 levels left

rFire    + . .     SeeInvis .     - Unarmed
rCold    . . .     Gourm    +   (no shield)
rNeg     + + +     Faith    .   a - +0 robe
rPois    ∞         Spirit   .   d - +0 helmet
rElec    .         Reflect  .   (no cloak)
rCorr    .         Harm     .   (no gloves)
MR       .....                  l - +0 pair of boots
Stlth    ++........             k - amulet of the gourmand {Gourm, !d}
HPRegen  0.00/turn              w - ring of fire {rF+, rC-}
MPRegen  0.10/turn              (no ring)

@: injury mirror, rotting
A: rotting body, claws 1, carnivore, cold resistance 1, negative energy
resistance 3, inhibited regeneration, torment resistance, unbreathing
a: Recall Undead Slaves, Injury Mirror, Animate Dead, Renounce Religion


You were on level 5 of the Dungeon.
You worshipped Yredelemnul.
Yredelemnul was most pleased with you.
You were not hungry.

You visited 1 branch of the dungeon, and saw 5 of its levels.

You collected 297 gold pieces.

Inventory:

Armour
 a - a +0 robe (worn)
 d - a +0 helmet (worn)
   (You found it on level 2 of the Dungeon)
 l - a +0 pair of boots (worn)
   (You found it on level 1 of the Dungeon)
Jewellery
 k - an amulet of the gourmand (around neck) {Gourm, !d}
   (You found it on level 1 of the Dungeon)
 r - the ring "Wois Hopp" {rPois rC- Int+3 Stlth-}
   (You found it on level 4 of the Dungeon)

   [ring of attention]

   It affects your intelligence (+3).
   It makes you vulnerable to cold.
   It protects you from poison.
   It makes you less stealthy.
 w - a ring of fire (left claw) {rF+, rC-}
   (You found it on level 5 of the Dungeon)
 y - an uncursed ring of protection from cold {unknown}
   (You found it on level 5 of the Dungeon)
Wands
 q - a wand of polymorph (12)
   (You found it on level 5 of the Dungeon)
 x - a wand of random effects (44)
   (You found it on level 5 of the Dungeon)
Scrolls
 c - 4 scrolls of magic mapping {unknown}
 e - 4 scrolls of blinking {!r}
 f - 2 scrolls of immolation {!r}
 g - a scroll of enchant weapon
 h - a scroll of noise {unknown}
 j - 2 scrolls of fog
 m - 2 scrolls of enchant armour
 o - 4 scrolls of remove curse {unknown}
 s - a scroll of torment {unknown}
 t - a scroll of vulnerability {unknown}
 u - a scroll of teleportation {unknown}
Potions
 i - a potion of berserk rage {unknown}
 n - a potion of heal wounds
 p - 2 potions of curing
 z - a potion of haste {unknown}
 A - a potion of degeneration {unknown}
Comestibles
 b - 9 rations


   Skills:
 + Level 4.6 Fighting
 + Level 3.9 Dodging
 - Level 2.1 Stealth
 + Level 5.7 Unarmed Combat
 + Level 2.4 Invocations


You had 5 spell levels left.
You didn't know any spells.
Your spell library was empty.

Dungeon Overview and Level Annotations

Branches:
Dungeon (5/15)
 Temple: D:4-7

Altars:
Cheibriados
Dithmenos
Fedhas
Hepliaklqana
Makhleb
Sif Muna
Yredelemnul
Zin

Annotations:
D:3 exclusion: orc priest


Innate Abilities, Weirdness & Mutations

Your body is rotting away.
You thrive on raw meat.
You are immune to poison.
You have sharp fingernails.
You are carnivorous and can eat meat at any time.
Your flesh is cold resistant. (rC+)
You are immune to negative energy. (rN+++)
You do not regenerate when monsters are visible.
You are immune to unholy pain and torment.
You can survive without breathing.


Message History

An ooze is nearby!
The ooze hits you.
You take 1 damage, and have 52/53 hp.
You scratch the ooze. The ooze closely misses you.
You barely miss the ooze. You claw the ooze!
You kill the ooze!
Yredelemnul accepts your kill.
No target in view!
You now have 279 gold pieces (gained 12).
An adder comes into view.
Health restored: 53 The adder hisses angrily.
You claw the adder!
You kill the adder!
Yredelemnul accepts your kill.
Found a stone staircase leading down.
As you open the large door, it creaks loudly!
An iguana comes into view.
The iguana barely misses you.
There is a large open door here.
You scratch the iguana.
You scratch the iguana but do no damage.
The iguana bites you.
You take 1 damage, and have 52/53 hp.
You scratch the iguana but do no damage.
The iguana bites you but does no damage.
You claw the iguana! The iguana bites you!
You take 12 damage, and have 40/53 hp.
MASSIVE DAMAGE!!
You scratch the iguana. The iguana completely misses you.
You scratch the iguana. The iguana barely misses you.
You scratch the iguana.
You kill the iguana!
Yredelemnul accepts your kill.
You see here an iguana corpse.
You butcher the iguana corpse.
v - 2 chunks of flesh {@w0} You see here an iguana skeleton.
w - a small jade ring
x - a wand of random effects (44) Put on which piece of jewellery? (? for menu, Esc to quit)
That's the wrong kind of item! (Use * to select it.) Put on which piece of jewellery? (? for menu, Esc to quit)
That's the wrong kind of item! (Use * to select it.) Put on which piece of jewellery? (? for menu, Esc to quit)
Okay, then.
Put on which piece of jewellery? (? for menu, Esc to quit)
You feel more attuned to fire.
w - a ring of fire (left claw) Why would you want to do that?
You see here 18 sling bullets.
There is a large open door here.
Found a stone staircase leading up.
Found a stone staircase leading up.
Found a stone staircase leading down.
y - an encrusted bronze ring You regained 3 hp, and now have 50/53 hp.
A ball python comes into view.
Health restored: 53 You see here a fuming emerald potion.
The helpless ball python fails to defend itself.
You claw the ball python!
You kill the ball python!
Yredelemnul accepts your kill.
No target in view!
You now have 297 gold pieces (gained 18).
z - a fuming emerald potion
A - a metallic grey potion You feel your flesh rotting away.
Eating one of 2 chunks of flesh {@w0}.
You eat one of the 2 chunks of flesh {@w0}.
You feel more resilient.
This raw flesh tastes great!
All of the chunks of flesh in your inventory have rotted away.
An ogre comes into view. It is wielding a giant club.
Unknown command.
The ogre shouts!
Okay, then.
Okay, then.
You claw the ogre! The ogre closely misses you.
You barely miss the ogre. The ogre completely misses you.
You barely miss the ogre. You barely miss the ogre. The ogre barely misses you.
You barely miss the ogre. The ogre hits you with a giant club!!
Ouch! That really hurt!
You take 28 damage, and have 25/53 hp.
MASSIVE DAMAGE!!
Okay, then.
The ogre misses you.
You offer yourself to Yredelemnul, and are filled with unholy energy.
The ogre completely misses you.
You scratch the ogre. The ogre hits you with a giant club!
* * * LOW HITPOINT WARNING * * *
Yredelemnul mirrors your injury!
You take 17 damage, and have 8/53 hp.
MASSIVE DAMAGE!!
You scratch the ogre. You barely miss the ogre.
The ogre hits you with a giant club!
You die...
Yredelemnul claims you as an undead slave.

...#§§...§.§#...........# #....
...#§§§≈≈≈(≈#...........# ##....
...#§.§≈≈≈.≈#...........# ##....#
...#≈.§≈≈§.≈#...........###.....#
...#≈.≈§§≈.≈#..........###.....##
...#≈§.....≈#..........##.....##
...#≈≈≈≈§≈≈§#..........#......#
...##########.#O.............##
..## ######.##@....##......#
...#####...##.###...####....##
#....#......#.# ##### ##..##
#.............###########..######
#................................
.............#############.......
.............# #....###
.............# ##.####
.............####### #..#


You could see an ogre.

Vanquished Creatures
  A crimson imp (D:5)
  2 orc priests (D:3)
  A centaur skeleton (D:5)
  2 iguanas
  An orc wizard (D:3)
  5 adders
  2 oozes
  An adder skeleton (D:4)
  3 worms
  A dart slug (D:4)
  A leopard gecko (D:3)
  15 orcs
  3 giant cockroaches
  13 goblins
  10 hobgoblins
  9 kobolds
  2 ball pythons
  5 bats
  2 frilled lizards (D:2)
  8 rats
87 creatures vanquished.

Vanquished Creatures (collateral kills)
  An orc (D:3)
  A goblin (D:3)
2 creatures vanquished.

Vanquished Creatures (others)
  A bat zombie (D:3)
  A hobgoblin zombie (D:3)
  5 orc zombies
7 creatures vanquished.

Grand Total: 96 creatures vanquished

Notes
Turn   | Place    | Note
-------+----------+-------------------------------------------
     0 | D:1      | CozyGlow the Ghoul Monk began the quest for the Orb.
     0 | D:1      | Reached XP level 1. HP: 19/19 MP: 0/0
   113 | D:1      | Reached XP level 2. HP: 22/26 MP: 1/1
   569 | D:2      | Found a blossoming altar of Fedhas.
   649 | D:2      | HP: 6/26 [goblin/stone (1)]
   851 | D:2      | Reached skill level 4 in Unarmed Combat
   869 | D:2      | Reached XP level 3. HP: 31/31 MP: 2/2
   881 | D:2      | Reached skill level 3 in Dodging
  1071 | D:2      | Found a snail-covered altar of Cheibriados.
  1098 | D:2      | Found a burning altar of Makhleb.
  1098 | D:2      | Found a hazy altar of Hepliaklqana.
  1099 | D:2      | Found a glowing silver altar of Zin.
  1099 | D:2      | Found a basalt altar of Yredelemnul.
  1124 | D:2      | Became a worshipper of Yredelemnul the Dark
  1124 | D:2      | Reached * piety under Yredelemnul
  1124 | D:2      | Reached ** piety under Yredelemnul
  1248 | D:2      | HP: 6/33 [worm (8)]
  1271 | D:2      | Reached XP level 4. HP: 29/40 MP: 3/3
  1284 | D:2      | Found a deep blue altar of Sif Muna.
  1284 | D:2      | Found a shadowy altar of Dithmenos.
  1765 | D:3      | Reached skill level 4 in Fighting
  1800 | D:3      | Reached skill level 1 in Invocations
  2048 | D:3      | Reached XP level 5. HP: 39/46 MP: 4/4
  2389 | D:3      | Reached skill level 5 in Unarmed Combat
  2774 | D:3      | Reached *** piety under Yredelemnul
  3010 | D:4      | Got a pitted bronze ring
  3022 | D:4      | Identified the ring "Wois Hopp" {rPois rC- Int+3 Stlth-}
                  | (You found it on level 4 of the Dungeon)
  3030 | D:4      | Reached XP level 6. HP: 48/53 MP: 6/6
  3306 | D:4      | Reached skill level 2 in Invocations
  3411 | D:5      | Entered Level 5 of the Dungeon
  3958 | D:5      | HP: 8/53 [ogre/giant club (17)]
  3960 | D:5      | Slain by an ogre

Vault maps used:
D:1:      minmay_arrival_arboretum_small, minmay_pentomino_z4
D:2:      grunt_temple_overflow_open, gammafunk_temple_overflow_elements,
          fedhas_altar_2
D:4:      first_ration
D:5:      kennysheep_generic_room_6, uniq_menkaure

Skill      XL: |  1  2  3  4  5  6 |
---------------+-------------------+-----
Unarmed Combat | 4 5 |  5.7
Dodging        | 3 |  3.9
Fighting       | 4 |  4.6
Invocations    | 1 2 |  2.4
Stealth        | |  2.1

Action                   |  1- 3 |  4- 6 || total
-------------------------+-------+-------++-------
Melee: Unarmed           |    96 |   183 ||   279
       Punch             |       |     6 ||     6
Invok: Animate Remains   |       |     5 ||     5
       Recall Undead Sla |       |     2 ||     2
       Injury Mirror     |       |     1 ||     1
       Animate Dead      |       |     1 ||     1
  Use: Scroll            |     1 |     7 ||     8
       Potion            |     1 |       ||     1
 Stab: Sleeping          |     3 |     2 ||     5
       Distracted        |       |     1 ||     1
  Eat: Chunk             |    10 |     5 ||    15
       Ration            |       |     1 ||     1
Armor: Robe              |    13 |    21 ||    34
Dodge: Dodged            |    55 |    99 ||   154

Table legend:
 A = Non-vault XP
 B = Vault XP
 C = Vault XP percentage of total XP
 D = Non-vault monster count
 E = Vault monster count
 F = Vault count percentage of total count
                 A         B        C        D         E       F
            +---------+---------+-------+---------+---------+-------
      Total |     474 |      43 |   8.3 |      84 |       5 |   5.6
            +---------+---------+-------+---------+---------+-------
        D:1 |      21 |       4 |  16.0 |      13 |       4 |  23.5
        D:2 |      61 |       0 |   0.0 |      21 |       0 |   0.0
        D:3 |     204 |       0 |   0.0 |      34 |       0 |   0.0
        D:4 |      75 |       0 |   0.0 |      11 |       0 |   0.0
        D:5 |     113 |      39 |  25.7 |       5 |       1 |  16.7
            +---------+---------+-------+---------+---------+-------

Vault maps used:
D:1:      minmay_arrival_arboretum_small, minmay_pentomino_z4
D:2:      grunt_temple_overflow_open, gammafunk_temple_overflow_elements,
          fedhas_altar_2
D:4:      first_ration
D:5:      kennysheep_generic_room_6, uniq_menkaure

Table legend:
 A = Turns spent in this place as a percentage of turns spent in the entire game.
 B = Non-inter-level travel turns spent in this place as a percentage of non-inter-level travel turns spent in the entire game.
 C = Inter-level travel turns spent in this place as a percentage of turns spent in this place.
 D = Turns resting spent in this place as a percentage of non-inter-level travel turns spent in this place.
 E = Turns spent auto-exploring this place as a percentage of non-inter-level travel turns spent in this place.
 F = Non-inter-level travel turns spent in this place divided by the number of levels of this place that you've seen.
                   A       B       C       D       E      F
               +-------+-------+-------+-------+-------+----------------------
         Total | 100.0 | 100.0 |   2.1 |  13.0 |  51.9 | 775.6
       Dungeon | 100.0 | 100.0 |   2.1 |  13.0 |  51.9 | 775.6
               +-------+-------+-------+-------+-------+----------------------

Table legend:
 A = Kills in this place as a percentage of kills in entire the game.
 B = Kills by you in this place as a percentage of kills by you in the entire game.
 C = Kills by friends in this place as a percentage of kills by friends in the entire game.
 D = Other kills in this place as a percentage of other kills in the entire game.
 E = Experience gained in this place as a percentage of experience gained in the entire game.
 F = Experience gained in this place divided by the number of levels of this place that you have seen.
                   A       B       C       D       E      F
               +-------+-------+-------+-------+-------+----------------------
         Total | 100.0 | 100.0 | 100.0 |   N/A | 100.0 | 103.4
       Dungeon | 100.0 | 100.0 | 100.0 |   N/A | 100.0 | 103.4
               +-------+-------+-------+-------+-------+----------------------
